 Dungeon Crawl Stone Soup version 0.29-a0-222-g5b244fca1f (webtiles) character file.

Game seed: 2914104595313276557

699 timneilson the Covered (level 7, -6/44 HPs)
             Began as a Gargoyle Fighter on Feb 27, 2022.
             Killed by divine providence
             ... invoked by an orc priest
              (12 damage)
             ... on level 7 of the Dungeon.
             The game lasted 00:07:29 (4971 turns).

timneilson the Covered (Gargoyle Fighter)           Turns: 4971, Time: 00:07:30

Health: -6/44      AC: 17    Str: 22    XL:     7   Next: 65%
Magic:  0/7        EV: 14    Int:  8    God:
Gold:   187        SH:  5    Dex:  9    Spells: 6/6 levels left

rFire   . . .      SeeInvis .   a - +0 long sword
rCold   . . .      Faith    .   c - +1 buckler
rNeg    + . .      Spirit   +   b - +0 scale mail
rPois   ∞          Reflect  .   n - +0 helmet
rElec   +          Harm     .   (no cloak)
rCorr   .          Rampage  .   (no gloves)
Will    .....                   (no boots)
Stlth   ..........              h - amulet of guardian spirit
HPRegen 0.14/turn               g - +4 ring of evasion
MPRegen 0.10/turn               j - +4 ring of protection

@: mighty
A: sickness immunity, AC +4, negative energy resistance 1, electricity
resistance, torment resistance 1, petrification resistance
a: no special abilities


You were on level 7 of the Dungeon.
You visited 1 branch of the dungeon, and saw 5 of its levels.

You collected 187 gold pieces.

Inventory:

Hand Weapons
 a - a +0 long sword (weapon)
Armour
 b - a +0 scale mail (worn)
 c - a +1 buckler (worn)
 n - a +0 helmet (worn)
 q - a +0 plate armour
Jewellery
 f - a ring of protection from cold
 g - a +4 ring of evasion (left hand)
 h - an amulet of guardian spirit (around neck)
 j - a +4 ring of protection (right hand)
Wands
 e - a wand of iceblast (12)
 k - a wand of polymorph (6)
Scrolls
 i - a scroll of amnesia
 o - a scroll of brand weapon {unknown}
 p - 2 scrolls of blinking
 s - a scroll of enchant armour
 t - a scroll of enchant weapon {unknown}
Potions
 l - a potion of attraction
 r - a potion of brilliance


   Skills:
 + Level 4.3 Fighting
 * Level 3.9 Long Blades
 * Level 5.3 Armour
 + Level 2.0 Dodging
 * Level 5.3 Shields
 + Level 1.8 Evocations


You had 6 spell levels left.
You didn't know any spells.
Your spell library contained the following spells:

 Spells                   Type           Power      Damage    Failure   Level
 Confusing Touch          Hex            0%         N/A       99%         3
 Ozocubu's Armour         Ice            0%         N/A       99%         3
 Yara's Violent Unravell  Hex/Tmut       0%         3d3       100%        5
 Enfeeble                 Hex            0%         N/A       100%        7
 Ozocubu's Refrigeration  Ice            0%         4d5       100%        7


Dungeon Overview and Level Annotations

Branches:
Dungeon (4/15)
 Temple: D:4-7

Altars:
Qazlal
Uskayaw
Wu Jian
Yredelemnul

Shops:
D:2 =


Innate Abilities, Weirdness & Mutations

You are immune to sickness and miasma.
Your stone body is resilient. (AC +4)
You are immune to poison.
You resist negative energy. (rN+)
You are resistant to electric shocks. (rElec)
You are resistant to unholy torment.
You are immune to petrification.


Message History

You slash the gnoll!
The gnoll is severely wounded.
You feel a little less mighty now. You block the gnoll's attack. x2
You barely miss the gnoll.
The gnoll is severely wounded.
The gnoll closely misses you. You block the gnoll's attack.
You hit the gnoll but do no damage.
The gnoll is heavily wounded.
The gnoll hits you but does no damage. x2
You hit the gnoll.
You kill the gnoll!
The gnoll hits you but does no damage. The gnoll barely misses you.
You hit the howler monkey.
The howler monkey is lightly wounded.
You block the howler monkey's attack. The gnoll hits you but does no damage.
You block the howler monkey's attack.
You hit the howler monkey.
The howler monkey is moderately wounded.
You block the gnoll's attack. You block the howler monkey's attack.
An orc wizard comes into view. It is wielding a +0 dagger.
The orc wizard shouts!
You hit the howler monkey.
The howler monkey is heavily wounded.
The howler monkey hits you. The gnoll misses you.
The orc priest casts a cantrip, but nothing happens.
You block the howler monkey's attack.
You closely miss the howler monkey.
The howler monkey is heavily wounded.
You block the gnoll's attack.
The orc priest calls down the wrath of Beogh upon you.
Beogh smites you!
* * * LOW HITPOINT WARNING * * *
You block the howler monkey's attack.
The gnoll hits you from afar with a +0 spear.
* * * LOW HITPOINT WARNING * * *
You feel very mighty all of a sudden.
The orc priest invokes the aid of Beogh against you.
Beogh smites you!
You die...

############ #..........#
#..........# #..........#
#..........### .
#.........oog########....
#..........#ch@)†........
##........gg##########....
#...........# .
#.....$.g..^#
#.......##.##
##.....###.######
##................
#........##.......
#........# ...g.g.


You could see a centaur, a howler monkey, an orc priest, an orc wizard and a
gnoll.

Vanquished Creatures
  An ogre (D:4)
  A gnoll sergeant (D:7)
  2 scorpions
  A killer bee (D:7)
  A centaur zombie (D:4)
  A hound (D:7)
  3 orc priests (D:3)
  A scorpion zombie (D:4)
  2 orc wizards (D:3)
  4 adders
  4 gnolls
  2 adder zombies (D:4)
  A worm (D:2)
  A dart slug (D:2)
  15 orcs
  8 ball pythons
  5 endoplasms
  5 giant cockroaches
  8 goblins
  3 hobgoblins
  7 jackals
  6 kobolds
  2 quokkas
  3 bats
  A frilled lizard (D:1)
  4 rats
92 creatures vanquished.

Notes
Turn   | Place    | Note
-------+----------+-------------------------------------------
     0 | D:1      | timneilson the Gargoyle Fighter began the quest for the
                  | Orb.
     0 | D:1      | Reached XP level 1. HP: 14/14 MP: 1/1
    77 | D:1      | Noticed a great orb of eyes
    79 | D:1      | Found a faded altar of an unknown god.
    82 | D:1      | Noticed a floating eye
    82 | D:1      | Noticed a golden eye
    82 | D:1      | Noticed an eye of devastation
   278 | D:1      | Reached XP level 2. HP: 15/19 MP: 2/2
   529 | D:1      | Reached XP level 3. HP: 6/23 MP: 3/3
  1613 | D:2      | Found an ornate altar of the Wu Jian Council.
  1918 | D:2      | Reached XP level 4. HP: 16/28 MP: 2/4
  2238 | D:2      | Found Nasusuc's Jewellery Boutique.
  2589 | D:3      | Noticed a +0 dagger
  2589 | D:3      | Noticed a +0 dagger
  2590 | D:3      | Found a hide-covered altar of Uskayaw.
  2595 | D:3      | Noticed a scorpion
  2614 | D:3      | HP: 1/28 [scorpion (3)]
  2619 | D:3      | Killed a scorpion
  2620 | D:3      | Reached skill level 1 in Dodging
  2620 | D:3      | Reached XP level 5. HP: 14/33 MP: 2/5
  3298 | D:3      | Reached skill level 1 in Evocations
  3298 | D:3      | Reached XP level 6. HP: 38/38 MP: 6/6
  4173 | D:3      | HP: 1/38 [orc priest/+0 club (2)]
  4669 | D:4      | Found a basalt altar of Yredelemnul.
  4694 | D:4      | Reached XP level 7. HP: 40/43 MP: 5/7
  4731 | D:4      | Reached skill level 5 in Shields
  4867 | D:4      | Found a stormy altar of Qazlal.
  4884 | D:4      | Reached skill level 5 in Armour
  4904 | D:4      | You fall into a shaft and drop 3 floors!
  4971 | D:7      | Killed from afar by an orc priest

Illustrated notes

Levels and vault maps discovered:
D:1:      sevenhm_arrival_forest_fort_small_4, layout_basic,
          hellmonk_ecumenical_altar_watching_god
D:2:      layout_basic, basic_altar, serial_shops, shop_fountains
D:3:      minmay_inner_zag, layout_rooms, dancing_weapons_uskayaw,
          serial_rivers, chequers_serial_rivers_micro_e,
          chequers_serial_rivers_room_b, chequers_serial_rivers_micro_a,
          chequers_serial_rivers_small_b, kennysheep_generic_room_10
D:4:      layout_basic, nicolae_yredelemnul_corpse_copse,
          nicolae_overflow_hidden_temple, grunt_qazlal_sundering,
          minmay_misc_feat_encased, hangedman_glass_teeth,
          chequers_serial_rivers_small_b, eino_tiny_chamber,
          kennysheep_generic_room_8
D:7:      layout_rooms, gammafunk_ghost_cemetery, hangedman_decor_growths

Skill      XL: |  1  2  3  4  5  6  7 |
---------------+----------------------+-----
Long Blades    | 2 3 |  3.9
Armour         | 4 5 |  5.3
Dodging        | 1 2 |  2.0
Shields        | 4 5 |  5.3
Evocations     | 1 |  1.8
Fighting       | 4 |  4.3

Action                   |  1- 3 |  4- 6 |  7- 9 || total
-------------------------+-------+-------+-------++-------
Melee: Long sword        |   182 |   289 |    57 ||   528
  Use: Scroll            |     3 |     6 |       ||     9
       Potion            |       |     2 |     4 ||     6
Armor: Scale mail        |    86 |   137 |    45 ||   268
Dodge: Dodged            |   138 |   141 |    66 ||   345
Block: Buckler           |    49 |    78 |    42 ||   169

Table legend: (Time is in decaauts)
 A = Elapsed time spent in this place.
 B = Non-inter-level travel time spent in this place.
 C = Inter-level travel time spent in this place.
 D = Time resting spent in this place.
 E = Time spent auto-exploring this place.
 F = Levels seen in this place.
 G = Mean time per level.
                   A        B        C        D        E       F      G
               +--------+--------+--------+--------+--------+-----+--------+
         Total |   5138 |   5083 |     55 |    629 |   3228 |   5 | 1027.6 |
       Dungeon |   5138 |   5083 |     55 |    629 |   3228 |   5 | 1027.6 |
               +--------+--------+--------+--------+--------+-----+--------+

Top non-repeatable levels by time:
     D:3: 2058 daAuts
     D:2: 1293 daAuts
     D:1: 1209 daAuts
     D:4: 500 daAuts
     D:7: 76 daAuts
